 Dungeon Crawl Stone Soup version 0.31-a0-819-gf6de2f5ab6 (webtiles) character file.

Game seed: 1915580832390828644

69 qw the Shooter (level 4, -5/28 HPs)
             Began as a Gargoyle Hunter on Sept 23, 2023.
             Slain by Edmund
             ... wielding a +1 dire flail of protection
              (8 damage)
             ... on level 4 of the Dungeon.
             The game lasted 00:00:32 (1943 turns).

qw the Shooter (Gargoyle Hunter)                    Turns: 1943, Time: 00:00:33

Health: -5/28      AC:  9    Str: 15    XL:     4   Next: 20%
Magic:  4/4        EV: 11    Int:  9    God:
Gold:   175        SH:  0    Dex: 15    Spells: 3/3 levels left

rFire   . . .        Y - +4 shortbow (flame)
rCold   . . .        (shield currently unavailable)
rNeg    + . .        l - +0 ring mail
rPois   inf          (no helmet)
rElec   +            (no cloak)
rCorr   +            (no gloves)
SInv    +            f - +0 pair of boots
Will    .....        (no amulet)
Stlth   +            i - ring of see invisible
HPRegen 0.24/turn    c - ring of resist corrosion
MPRegen 0.09/turn

%: no passive effects
@: no status effects
A: sickness immunity, AC +3, negative energy resistance 1, electricity
resistance, torment resistance 1, petrification resistance
a: no special abilities


You were on level 4 of the Dungeon.
You visited 1 branch of the dungeon, and saw 4 of its levels.

You collected 175 gold pieces.


Innate Abilities, Weirdness & Mutations

You are immune to sickness and miasma.
Your stone body is resilient. (AC +3)
You are immune to poison.
You resist negative energy. (rN+)
You are resistant to electric shocks. (rElec)
You are resistant to unholy torment.
You are immune to petrification.


   Skills:
 - Level 3.0 Fighting
 + Level 5.0 Ranged Weapons
 - Level 1.4 Armour
 - Level 1.5 Dodging
 - Level 1.1 Stealth


You had 3 spell levels left.
You didn't know any spells.
Your spell library was empty.

Inventory:

Hand Weapons
 Y - a +4 shortbow of flaming (weapon)
Armour
 f - a +0 pair of boots (worn)
 l - a +0 ring mail (worn)
Jewellery
 c - a ring of resist corrosion (right hand)
 i - a ring of see invisible (left hand)
Potions
 a - a potion of enlightenment {unknown}
 b - a potion of haste {unknown}
 d - a potion of heal wounds {unknown}
 e - a potion of invisibility {unknown}
 g - a potion of mutation {unknown}
 h - a potion of brilliance {unknown}
 j - a potion of cancellation {unknown}

Dungeon Overview and Level Annotations

Branches:
Dungeon (4/15)
 Temple: D:4-7

Altars:

Annotations:
D:4 Edmund


Message History

Your surroundings suddenly seem different.
Done exploring.
What level of the Dungeon? (default 3, ? - help)
There is an open door here.
There is an open door here.
There is a stone staircase leading down here.
You climb downwards.
Found 13 gold pieces.
There is a stone staircase leading up here.
Waypoint 3 assigned to D:4.
Edmund the Younger comes into view.
He is wielding a +1 dire flail of protection.
You shoot an arrow. The arrow hits Edmund!
The arrow burns Edmund.
Edmund is moderately wounded.
You shoot an arrow.
The arrow hits Edmund but does no damage.
Edmund is moderately wounded.
You shoot an arrow.
The arrow hits Edmund but does no damage.
Edmund is moderately wounded.
You shoot an arrow. The arrow closely misses Edmund.
Edmund hits you with a +1 dire flail of protection! x2
You shoot an arrow. The arrow hits Edmund!
The arrow burns Edmund.
Edmund is heavily wounded.
Edmund says, "Everyone always remembers my brother. 'Who's Edmund?' they ask!"
Edmund hits you but does no damage.
You shoot an arrow. The arrow hits Edmund.
The arrow burns Edmund.
Edmund is severely wounded.
Edmund barely misses you.
You shoot an arrow. The arrow hits Edmund.
The arrow burns Edmund.
Edmund is severely wounded.
Edmund closely misses you.
You shoot an arrow.
The arrow hits Edmund but does no damage.
Edmund is severely wounded.
Edmund hits you with a +1 dire flail of protection!
You shoot an arrow. The arrow hits Edmund.
The arrow burns Edmund.
Edmund is almost dead.
Edmund hits you with a +1 dire flail of protection!
You die...
Edmund whines, "They better pay attention to me now!"

#############
#.@..<.......
#....@##########
#...$...
#.......#.
##.......##
##.....# ##.#.##
#.#.


You could see Edmund.

Vanquished Creatures
  3 adders
  A worm (D:2)
  3 dart slugs
  3 endoplasms
  A giant cockroach (D:1)
  5 goblins
  A hobgoblin (D:1)
  6 kobolds
  3 ball pythons
  2 bats (D:1)
  4 frilled lizards
  4 rats
36 creatures vanquished.

Notes
Turn   | Place    | Note
-------+----------+-------------------------------------------
     0 | D:1      | qw the Gargoyle Hunter began the quest for the Orb.
     0 | D:1      | Reached XP level 1. HP: 12/12 MP: 1/1
     0 | D:1      | 0 ||| qw: Version: 0.3-a-83-gcd0e7d8
     0 | D:1      | 0 ||| qw: Game counter: 1411
     0 | D:1      | 0 ||| qw: Melee chars always use a shield: true
     0 | D:1      | 0 ||| qw: God list: Okawaru
     0 | D:1      | 0 ||| qw: Allow faded altars: false
     0 | D:1      | 0 ||| qw: Do Orc after clearing Dungeon:15 true
     0 | D:1      | 0 ||| qw: Do second Lair branch before Depths: true
     0 | D:1      | 0 ||| qw: Lair rune preference: random
     0 | D:1      | 0 ||| qw: Goals: Normal
     0 | D:1      | 0 ||| PLANNING D:1-11
   112 | D:1      | Found a faded altar of an unknown god.
   149 | D:1      | Reached XP level 2. HP: 16/17 MP: 2/2
   623 | D:1      | 623 ||| UPGRADING to +0 pair of boots.
   628 | D:1      | 628 ||| UPGRADING to +0 ring mail.
   638 | D:1      | 638 ||| DROPPING +0 leather armour.
   639 | D:1      | 639 ||| UPGRADING to ring of see invisible.
   640 | D:1      | 640 ||| READING scroll labelled ICZEJOCERU.
   640 | D:1      | Identified a scroll of acquirement
   640 | D:1      | 640 ||| ACQUIRING +3 shortbow of electrocution
   640 | D:1      | Acquired a +3 shortbow of electrocution
   642 | D:1      | 642 ||| SWAPPING to +3 shortbow of electrocution.
   643 | D:1      | 643 ||| DROPPING +0 shortbow.
   644 | D:1      | 644 ||| READING scroll labelled BIRRYE LYRRYU.
   645 | D:1      | 645 ||| READING scroll labelled XIETRI XEYRPHA.
   646 | D:1      | 646 ||| READING scroll labelled EXZUIRCHOHUR.
   647 | D:1      | 647 ||| DROPPING scroll of butterflies.
   775 | D:2      | Reached skill level 1 in Armour
   775 | D:2      | Reached XP level 3. HP: 21/21 MP: 3/3
   962 | D:2      | Reached skill level 5 in Ranged Weapons
  1082 | D:2      | 1082 ||| DROPPING amulet of magic regeneration.
  1083 | D:2      | 1083 ||| DROPPING +6 ring of intelligence.
  1084 | D:2      | 1084 ||| UPGRADING to ring of resist corrosion.
  1085 | D:2      | 1085 ||| READING scroll labelled UMOYNO JUHAPH.
  1086 | D:2      | 1086 ||| READING scroll labelled QECOFU YZXO.
  1087 | D:2      | 1087 ||| READING scroll labelled TEDEOC WONUDEX.
  1350 | D:3      | Reached XP level 4. HP: 27/27 MP: 4/4
  1425 | D:3      | Reached skill level 3 in Fighting
  1902 | D:3      | 1902 ||| READING scroll labelled NAEFFOH FYUV.
  1933 | D:4      | Noticed Edmund
  1942 | D:4      | HP: 3/28 [Edmund/+1 dire flail of protection (7)]
  1943 | D:4      | Slain by Edmund

Levels and vault maps discovered:
D:1:      wheals_arrival_linesprint, layout_loops_ring,
          chequers_ecumenical_altar_island, minmay_misc_feat_chi
D:2:      layout_rooms
D:3:      layout_loops_corners
D:4:      nicolae_BIG_FREAKIN_CUBE, layout_loops_ring,
          amethyst_overflow_temple_binary, uniq_edmund

Skill      XL: |  1  2  3  4 |
---------------+-------------+-----
Armour         | 1 |  1.4
Ranged Weapons | 5 |  5.0
Fighting       | 3 |  3.0
Dodging        | |  1.5
Stealth        | |  1.1

Action                     |  1- 3 |  4- 6 || total
---------------------------+-------+-------++-------
   Fire: Shortbow          |    67 |    16 ||    83
    Use: Scroll            |     7 |     1 ||     8
 Armour: Leather armour    |     7 |       ||     7
         Ring mail         |     2 |     6 ||     8
  Dodge: Dodged            |    12 |     4 ||    16

Table legend:
 A = Non-vault XP
 B = Vault XP
 C = Vault XP percentage of total XP
 D = Non-vault monster count
 E = Vault monster count
 F = Vault count percentage of total count
                 A         B        C        D         E       F
            +---------+---------+-------+---------+---------+-------
      Total |      99 |       0 |   0.0 |      36 |       0 |   0.0
            +---------+---------+-------+---------+---------+-------
        D:1 |      22 |       0 |   0.0 |      12 |       0 |   0.0
        D:2 |      50 |       0 |   0.0 |      15 |       0 |   0.0
        D:3 |      27 |       0 |   0.0 |       9 |       0 |   0.0
            +---------+---------+-------+---------+---------+-------
